 Dungeon Crawl Stone Soup version 0.24.0-1-gfbc8707 (webtiles) character file.

Game seed: 16664683423454169508, levelgen mode: deterministic

3469 BleediousPenious the Spear-Bearer (level 10, -3/76 HPs)
             Began as a Human Fighter on Jan 11, 2020.
             Was a Follower of the Shining One.
             Killed from afar by Harold (10 damage)
             ... with a harpoon shot
             ... on level 7 of the Dungeon.
             The game lasted 00:21:08 (8448 turns).

BleediousPenious the Spear-Bearer (Human Fighter)   Turns: 8448, Time: 00:21:09

Health: -3/76      AC: 13    Str: 20    XL:     10   Next: 27%
Magic:  10/10      EV: 11    Int:  9    God:    the Shining One [*.....]
Gold:   414        SH:  0    Dex: 12    Spells: 9/9 levels left

rFire    + + .     SeeInvis .   d - +6 scythe (venom)
rCold    + . .     Gourm    .   (shield currently unavailable)
rNeg     + . .     Faith    +   s - +1 scale mail "Ryokhes" {Stlth+}
rPois    +         Spirit   .   q - +1 helmet
rElec    +         Reflect  .   t - +0 cloak
rCorr    +         Harm     .   (no gloves)
MR       .....                  g - +0 pair of boots
Stlth    +.........             y - amulet of faith
HPRegen  0.22/turn              e - ring of protection from fire
MPRegen  0.12/turn              j - ring of positive energy

@: resistant, marked, flying, glowing
A: no striking features
a: Renounce Religion


You were on level 7 of the Dungeon.
You worshipped the Shining One.
The Shining One was aware of your devotion.
You were not hungry.

You visited 2 branches of the dungeon, and saw 9 of its levels.

You collected 414 gold pieces.

Inventory:

Hand Weapons
 a - a +0 long sword
 d - a +6 scythe of venom (weapon)
 v - the +5 rapier of Wu Jian's Pride {chaos, rPois Int+3}
   (You found it on level 6 of the Dungeon)

   Each time it hits an enemy it has a different, random effect.
   It affects your intelligence (+3).
   It protects you from poison.
   The Shining One disapproves of the use of such an item.
Armour
 b - a +0 scale mail
 c - a +1 shield
 g - a +0 pair of boots (worn)
 k - a +0 helmet
 q - a +1 helmet (worn)
 s - the +1 scale mail "Ryokhes" (worn) {Stlth+}
   (You found it on level 5 of the Dungeon)

   It makes you more stealthy.
 t - a +0 cloak (worn)
Jewellery
 e - a ring of protection from fire (left hand)
 i - a +2 ring of intelligence
 j - a ring of positive energy (right hand)
 y - an amulet of faith (around neck)
Scrolls
 h - a scroll of immolation {unknown}
 l - 2 scrolls of remove curse
 m - a scroll of amnesia
 r - a scroll of enchant weapon {unknown}
 x - a scroll of identify
Comestibles
 f - 10 rations


   Skills:
 + Level 5.9 Fighting
 + Level 4.1 Long Blades
 + Level 9.4 Polearms
 + Level 7.1 Armour
 + Level 3.5 Dodging
 + Level 1.1 Stealth
 + Level 4.0 Shields


You had 9 spell levels left.
You didn't know any spells.
Your spell library contained the following spells:

 Spells                   Type           Power        Failure   Level  Hunger
 Static Discharge         Conj/Air       #.......     97%         3    ####...
 Lightning Bolt           Conj/Air       #.........   100%        5    ######.
 Ignition                 Fire           #.........   100%        8    #######
 Shatter                  Erth           #.........   100%        9    #######
 Tornado                  Air            #.........   100%        9    #######


Dungeon Overview and Level Annotations

Branches:
Dungeon (8/15)             Temple (1/1) D:6
   Lair: D:8-11

Altars:
Ashenzari
Cheibriados
Dithmenos
Elyvilon
Fedhas
Hepliaklqana
Kikubaaqudgha
Makhleb
Nemelex Xobeh
Okawaru
Sif Muna
Uskayaw
Vehumet
Wu Jian
Yredelemnul
The Shining One

Annotations:
D:7 Harold


Message History

Harold casts a spell at you. A sentinel's mark forms upon you.
You slash Harold!
Harold looks as sick as possible!
Harold is heavily wounded.
Harold hits you with a +0 dire flail of protection!!
* * * LOW HITPOINT WARNING * * *
You slash Harold!
Harold looks as sick as possible!
Harold is severely wounded.
Harold hits you with a +0 dire flail of protection!
* * * LOW HITPOINT WARNING * * *
Harold barely misses you.
Okay, then.
It was a potion of flight.
You feel very buoyant.
You fly up into the air.
Harold gestures at you while chanting.
You barely resist. Harold casts a spell at you. The harpoon shot hits you!
You die...

# .#. .#..#####
.#......#
.....>..#######
..#####.......####
..###########....##
......## ####@.##
..$....## #...#
........########.###
............##.@>#
..............(###
.............###
............##
!...........#
?......######


You could see Harold.

Vanquished Creatures
  A two-headed ogre (D:8)
  Prince Ribbit (D:5)
  Sigmund (D:3)
  Edmund (D:6)
  A sky beast (D:4)
  2 ice beasts
  An ogre (D:5)
  4 centaurs
  3 bullfrogs
  Blork the orc (D:4)
  4 killer bees (D:7)
  4 howler monkeys
  4 wights (D:8)
  3 crimson imps
  A bullfrog zombie (D:5)
  2 hounds
  Crazy Yiuf (D:5)
  2 centaur skeletons
  5 bullfrog skeletons
  2 iguanas
  An orc wizard (D:3)
  2 worker ants
  2 hound skeletons (D:5)
  A hound zombie (D:5)
  3 worker ant zombies
  18 adders
  A shadow imp (D:6)
  An ooze (D:4)
  3 adder zombies
  5 worms
  4 dart slugs
  7 leopard geckos
  11 orcs
  12 bats
  6 giant cockroaches
  8 goblins
  12 hobgoblins
  11 jackals
  3 ball pythons
  8 frilled lizards
  2 jackal zombies (D:5)
  10 kobolds
  2 quokka skeletons
  6 rats
183 creatures vanquished.

Notes
Turn   | Place    | Note
-------+----------+-------------------------------------------
     0 | D:1      | BleediousPenious the Human Fighter began the quest for the
                  | Orb.
     0 | D:1      | Reached XP level 1. HP: 18/18 MP: 1/1
   203 | D:1      | Reached XP level 2. HP: 20/24 MP: 2/2
   429 | D:1      | Reached XP level 3. HP: 29/29 MP: 3/3
  1103 | D:2      | Reached XP level 4. HP: 27/35 MP: 4/4
  1972 | D:2      | Reached XP level 5. HP: 38/41 MP: 5/5
  2325 | D:3      | Noticed Sigmund
  2360 | D:3      | Killed Sigmund
  2360 | D:3      | Reached skill level 1 in Dodging
  2360 | D:3      | Reached XP level 6. HP: 28/47 MP: 6/6
  2974 | D:3      | Noticed an ice beast
  2991 | D:3      | Killed an ice beast
  2991 | D:3      | Reached skill level 2 in Polearms
  2991 | D:3      | Reached XP level 7. HP: 25/52 MP: 7/7
  3907 | D:4      | Noticed Blork the orc
  3912 | D:4      | Killed Blork the orc
  3919 | D:4      | Reached skill level 3 in Polearms
  4499 | D:4      | Reached XP level 8. HP: 60/60 MP: 8/8
  4582 | D:4      | Reached skill level 4 in Polearms
  4735 | D:4      | Reached skill level 5 in Armour
  5070 | D:4      | Found a burning altar of Makhleb.
  5070 | D:4      | Noticed a green death
  5073 | D:4      | Noticed a smoke demon
  5073 | D:4      | Noticed a smoke demon
  5460 | D:5      | Entered Level 5 of the Dungeon
  5555 | D:5      | Got an ancient scale mail
  5566 | D:5      | Identified the +1 scale mail "Ryokhes" {Stlth+} (You found
                  | it on level 5 of the Dungeon)
  5599 | D:5      | Reached skill level 5 in Polearms
  5797 | D:5      | Reached skill level 1 in Stealth
  5826 | D:5      | Reached skill level 6 in Polearms
  5995 | D:5      | Reached XP level 9. HP: 63/66 MP: 9/9
  6024 | D:5      | Found a runed translucent door.
  6025 | D:5      | Noticed Crazy Yiuf
  6155 | D:5      | Killed Crazy Yiuf
  6214 | D:6      | Noticed Prince Ribbit
  6777 | D:5      | Killed Prince Ribbit
  6887 | D:6      | Reached skill level 7 in Polearms
  7183 | D:6      | Got a translucent rapier
  7184 | D:6      | Identified the +5 rapier of Wu Jian's Pride {chaos, rPois
                  | Int+3} (You found it on level 6 of the Dungeon)
  7205 | D:6      | Noticed Edmund
  7248 | D:6      | Killed Edmund
  7248 | D:6      | Reached skill level 5 in Fighting
  7272 | D:6      | Found a staircase to the Ecumenical Temple.
  7281 | Temple   | Entered the Ecumenical Temple
  7290 | Temple   | Became a worshipper of the Shining One
  7504 | D:6      | You fall into a shaft and drop 2 floors!
  7680 | D:7      | You fall into a shaft and drop 1 floor!
  7696 | D:8      | Reached skill level 8 in Polearms
  7830 | D:8      | Noticed a two-headed ogre
  7867 | D:8      | Killed a two-headed ogre
  7867 | D:8      | Reached skill level 9 in Polearms
  7867 | D:8      | Reached XP level 10. HP: 38/75 MP: 10/10
  8103 | D:7      | Reached * piety under the Shining One
  8430 | D:7      | Noticed Harold
  8448 | D:7      | Killed from afar by Harold

Levels and vault maps discovered:
D:1:      scummos_arrival_forest, layout_basic, patterned_corridor
D:2:      minmay_thinvault, layout_loops_corners
D:3:      layout_basic, uniq_sigmund
D:4:      layout_basic, makhleb_altar_promises_db, uniq_blork_the_orc
D:5:      layout_rooms, serial_undead, serial_undead_b, serial_undead_b,
          serial_undead_d, serial_undead_f, serial_undead_f, serial_undead_a,
          serial_undead_f, first_ration, uniq_crazy_yiuf_cottage
D:6:      layout_rooms, nicolae_overflow_hidden_temple,
          minmay_temple_entry_waves, kennysheep_diamond, uniq_prince_ribbit1,
          uniq_edmund
D:7:      cheibrodos_iron_armory, layout_rooms, corner_web_ring, uniq_harold
D:8:      layout_rooms, blue_anna_alchemist [blue_anna_fruit_fields,
          blue_anna_fruit_fields], elyvilon_altar_4
Temple:   dpeg_three_leaves_temple

Skill      XL: |  1  2  3  4  5  6  7  8  9 10 |
---------------+-------------------------------+-----
Long Blades    | 3 4 |  4.1
Armour         | 4 5 6 7 |  7.1
Dodging        | 1 2 3 |  3.5
Shields        | 4 |  4.0
Polearms       | 2 3 6 9 |  9.4
Fighting       | 4 5 |  5.9
Stealth        | 1 |  1.1

Action                   |  1- 3 |  4- 6 |  7- 9 | 10-12 || total
-------------------------+-------+-------+-------+-------++-------
Melee: Long sword        |    86 |   102 |       |       ||   188
       Scythe            |       |    56 |   289 |    39 ||   384
  Use: Scroll            |     3 |     8 |     3 |     1 ||    15
       Potion            |       |     3 |     3 |     4 ||    10
 Stab: Distracted        |       |       |     1 |       ||     1
  Eat: Chunk             |       |     7 |    11 |       ||    18
       Ration            |       |       |     1 |     2 ||     3
Armor: Scale mail        |    46 |    94 |   193 |    36 ||   369
       Skin              |       |       |       |    45 ||    45
Dodge: Dodged            |    21 |    98 |   248 |    59 ||   426
Block: Shield            |    50 |    47 |       |       ||    97
       Rpst.: Long sword |     5 |     9 |       |       ||    14
